 Dungeon Crawl Stone Soup version 0.18.1-5-g4a78601 (webtiles) character file.

105 Implojin the Insei (level 4, -2/35 HPs)
             Began as a Mummy Monk on May 14, 2016.
             Slain by an orc wizard
             ... wielding a +0 dagger
              (3 damage)
             ... on level 2 of the Dungeon.
             The game lasted 00:08:54 (5681 turns).

Implojin the Insei (Mummy Monk)                     Turns: 5681, Time: 00:08:54

Health: -2/35      AC:  2    Str: 14    XL:     4   Next: 53%
Magic:  4/4        EV: 13    Int:  9    God:
Gold:   121        SH:  0    Dex: 15    Spells: 0 memorised, 3 levels left

rFire  x . .     SeeInvis .       - Unarmed
rCold  + . .     Gourm    .     (no armour)
rNeg   + + +     Faith    .     (no shield)
rPois  ∞         Spirit   .     g - +2 hat
rElec  .         Dismiss  .     (no cloak)
rCorr  .         Reflect  .     (no gloves)
SustAt .         Harm     .     (no boots)
MR     .....                    (no amulet)
Stlth  ++........               (no ring)
                                (no ring)

@: not resistant to hostile enchantments, unstealthy
A: no food or potions, fire vulnerability, cold resistance 1, negative energy
resistance 3, torment resistance, unbreathing
a: no special abilities


You were on level 2 of the Dungeon.
You were not hungry.

You visited 1 branch of the dungeon, and saw 3 of its levels.

You collected 121 gold pieces.

Inventory:

Armour
 g - a +2 hat (worn)
Jewellery
 h - an uncursed amulet of magic regeneration {unknown}
Scrolls
 b - a scroll of noise {unknown}
 c - a scroll of teleportation {unknown}
 d - 2 scrolls of remove curse {unknown}
 i - a scroll of identify
 j - a scroll of enchant weapon
Comestibles
 f - 2 bread rations (quivered)


   Skills:
 - Level 3.0 Fighting
 - Level 2.4 Dodging
 - Level 1.5 Stealth
 * Level 5.0 Unarmed Combat


You had 3 spell levels left.
You didn't know any spells.

Dungeon Overview and Level Annotations

Branches:
Dungeon (3/15)

Altars:
Ashenzari
Vehumet

Annotations:
D:1 exclusion: 2 downstairs
D:2 Sigmund


Innate Abilities, Weirdness & Mutations

You do not eat or drink.
Your flesh is vulnerable to fire.
You are immune to poison.
Your flesh is cold resistant.
You are immune to negative energy.
You are immune to unholy pain and torment.
You can survive without breathing.


Message History

You hit the orc wizard.
The orc wizard is heavily wounded.
The orc wizard points at you and mumbles some strange words.
The magic dart hits you!
* * * LOW HITPOINT WARNING * * *
You hit the orc wizard.
The orc wizard is severely wounded.
The orc wizard barely misses you. The orc wizard casts a spell at you.
The magic dart hits you!
* * * LOW HITPOINT WARNING * * *
You hit the orc wizard.
You punch the orc wizard, but do no damage.
The orc wizard is severely wounded.
The orc wizard mumbles some strange words.
The orc wizard blinks!
There is a stone staircase leading down here.
The orc wizard casts a spell at you. You resist with some effort.
Sigmund casts a spell.
Sigmund flickers and vanishes!
Deactivating autopickup; reactivate with Ctrl-A.
You see here a bat corpse.
The orc wizard casts a spell at you. The magic dart hits you!
* * * LOW HITPOINT WARNING * * *
Read which item? (? for menu, Esc to quit)
As you read the scroll labeled WILLUG EHOAHEN, it crumbles to dust.
It is a scroll of identify.
Identify which item? (\ to view known items) (? for menu, Esc to quit)
j - a scroll of enchant weapon Read which item? (? for menu, Esc to quit)
As you read the scroll labeled DUJEABBUECO, it crumbles to dust.
You feel aware of your surroundings.
It was a scroll of magic mapping.
The orc wizard barely misses you.
Read which item? (? for menu, Esc to quit)
As you read the scroll labeled QASTEMUAMI, it crumbles to dust.
The scroll dissolves into smoke.
It was a scroll of fog.
The orc wizard hits you with a dagger.
You die...

#.......'....+....
#.###.###....#####
#.###.# #....# #
#.....# #....# #
#.##..###....#####
#>).{.............
#{###.###.....####
#o#...# #.###.#
#@#...###.#...#
#§#..g....#.###
#§#.#........#
####.#.#.###.##.#
#....#...{.#.##.#
#.#######.......#
#.#........#...##
#.#.......####'######
#.#.......##.........


You could see an orc wizard.

Vanquished Creatures
  An orc priest (D:2)
  2 adders (D:2)
  2 worms
  A giant gecko (D:3)
  3 ball pythons (D:1)
  7 bats
  3 goblins
  7 hobgoblins
  2 jackals (D:1)
  10 kobolds
  2 quokkas (D:3)
  4 giant newts
  8 rats
52 creatures vanquished.

Notes
Turn   | Place    | Note
--------------------------------------------------------------
     0 | D:1      | Implojin the Mummy Monk began the quest for the Orb.
     0 | D:1      | Reached XP level 1. HP: 18/18 MP: 1/1
   870 | D:1      | Reached XP level 2. HP: 21/24 MP: 2/2
  1272 | D:2      | Found a radiant altar of Vehumet.
  1291 | D:2      | Noticed Sigmund
  1645 | D:2      | Reached skill level 4 in Unarmed Combat
  1653 | D:2      | Found a shattered altar of Ashenzari.
  1788 | D:2      | Reached XP level 3. HP: 27/29 MP: 3/3
  3602 | D:2      | HP: 1/29 [worm (10)]
  5295 | D:3      | Reached XP level 4. HP: 23/35 MP: 4/4
  5575 | D:2      | Reached skill level 5 in Unarmed Combat
  5677 | D:2      | HP: 1/35 [orc wizard/magic dart (8)]
  5681 | D:2      | Slain by an orc wizard

Skill      XL: |  1  2  3  4 |
---------------+-------------+-----
Unarmed Combat | 4 5 |  5.0
Fighting       | |  3.0
Dodging        | |  2.4
Stealth        | |  1.5

Action                   |  1- 3 |  4- 6 || total
-------------------------+-------+-------++-------
Melee: Unarmed           |   215 |    36 ||   251
       Punch             |     4 |     2 ||     6
  Use: Scroll            |       |     3 ||     3
 Stab: Sleeping          |     4 |       ||     4
Armor: Skin              |    17 |     6 ||    23
Dodge: Dodged            |   116 |    23 ||   139

Table legend:
 A = Turns spent in this place as a percentage of turns spent in the entire game.
 B = Non-inter-level travel turns spent in this place as a percentage of non-inter-level travel turns spent in the entire game.
 C = Inter-level travel turns spent in this place as a percentage of turns spent in this place.
 D = Turns resting spent in this place as a percentage of non-inter-level travel turns spent in this place.
 E = Turns spent auto-exploring this place as a percentage of non-inter-level travel turns spent in this place.
 F = Non-inter-level travel turns spent in this place divided by the number of levels of this place that you've seen.
                   A       B       C       D       E      F
               +-------+-------+-------+-------+-------+----------------------
         Total | 100.0 | 100.0 |   0.4 |   5.5 |   6.3 | 413.7
       Dungeon | 100.0 | 100.0 |   0.4 |   5.5 |   6.3 | 413.7
               +-------+-------+-------+-------+-------+----------------------

Table legend:
 A = Kills in this place as a percentage of kills in entire the game.
 B = Kills by you in this place as a percentage of kills by you in the entire game.
 C = Kills by friends in this place as a percentage of kills by friends in the entire game.
 D = Other kills in this place as a percentage of other kills in the entire game.
 E = Experience gained in this place as a percentage of experience gained in the entire game.
 F = Experience gained in this place divided by the number of levels of this place that you have seen.
                   A       B       C       D       E      F
               +-------+-------+-------+-------+-------+----------------------
         Total | 100.0 | 100.0 |  -nan |  -nan | 100.0 |  50.0
       Dungeon | 100.0 | 100.0 |  -nan |  -nan | 100.0 |  50.0
               +-------+-------+-------+-------+-------+----------------------
